 Dungeon Crawl Stone Soup version 0.28.0-1-gb440e238dd (webtiles) character file.

Game seed: 2315600206649560250

1143 fragbeetle the Transmogrifier (level 8, -7/52 (59) HPs)
             Began as a Grey Draconian Transmuter on Feb 25, 2022.
             Mangled by an orc warrior (13 damage)
             ... in a bailey.
             The game lasted 00:11:17 (6076 turns).

fragbeetle the Transmogrifier (DrTm)                Turns: 6076, Time: 00:11:18

HP:   -7/52 (59)    AC:  2    Str: 15    XL:     8   Next: 15%
MP:   9/11          EV: 19    Int: 14    God:
Gold: 201           SH:  0    Dex: 16    Spells: 3/11 levels left

rFire   . . .      SeeInvis .     - Unarmed
rCold   . . .      Faith    .   (shield currently unavailable)
rNeg    . . .      Spirit   .   (armour unavailable)
rPois   x          Reflect  .   (helmet currently unavailable)
rElec   .          Harm     .   (cloak currently unavailable)
rCorr   .          Rampage  .   (gloves currently unavailable)
Will    .....                   (boots currently unavailable)
Stlth   +.........              (no amulet)
HPRegen 0.17/turn               (no ring)
MPRegen 0.12/turn               (no ring)

@: spider-form, hasted, heavily drained, very quick
A: venomous fangs, AC +11, (amphibious), tiny, unfitting armour, (cold-blooded)
a: End Transformation


You were in a bailey.
You were a venomous arachnid creature.
You visited 2 branches of the dungeon, and saw 8 of its levels.
You also visited: Bailey.

You collected 201 gold pieces.

Inventory:

Missiles
 g - 8 poisoned darts
 p - 3 javelins
Armour
 s - a scarf of repulsion (melded)
Jewellery
 m - a +4 ring of slaying
Wands
 q - a wand of flame (20)
Scrolls
 a - a scroll of fog {unknown}
 d - a scroll of immolation {unknown}
 h - 3 scrolls of enchant weapon {unknown}
 j - a scroll of enchant armour
 n - a scroll of holy word {unknown}
 o - 3 scrolls of identify {unknown}
 r - a scroll of blinking {unknown}
 t - a scroll of brand weapon {unknown}
Potions
 b - 2 potions of heal wounds {unknown}
 c - a potion of lignification {unknown}
 e - a potion of resistance
 f - 3 potions of haste
 i - a potion of flight {unknown}
 k - 2 potions of mutation {unknown}
 l - 2 potions of ambrosia {unknown}
 u - a potion of brilliance {unknown}


   Skills:
 - Level 1.1 Fighting
 - Level 1.7 Dodging
 - Level 4.0 Unarmed Combat
 - Level 2.0 Spellcasting
 * Level 8.3 Transmutations
 + Level 3.6 Ice Magic
 - Level 2.1 Poison Magic


You had 3 spell levels left.
You knew the following spells:

 Your Spells              Type           Power      Damage    Failure   Level
a - Beastly Appendage     Tmut           48%        N/A       4%          1
b - Spider Form           Tmut/Pois      16%        N/A       22%         3
c - Ice Form              Ice/Tmut       18%        N/A       41%         4

Your spell library contained the following spells:

 Spells                   Type           Power      Damage    Failure   Level
 Wereblood                Tmut           24%        N/A       6%          2
 Call Canine Familiar     Summ           1%         N/A       77%         3
 Portal Projectile        Hex/Tloc       2%         N/A       77%         3
 Leda's Liquefaction      Hex/Erth       0%         N/A       98%         4
 Malign Gateway           Summ/Tloc      0%         N/A       100%        7
 Summon Horrible Things   Summ           0%         N/A       100%        8


Dungeon Overview and Level Annotations

Branches:
Dungeon (7/15)             Temple (1/1) D:4          Bailey (1/1)

Altars:
Ashenzari
Cheibriados
Dithmenos
Elyvilon
Fedhas
Gozag
Hepliaklqana
Makhleb
Okawaru
Qazlal
Sif Muna
Trog
Uskayaw
Vehumet
Wu Jian
Xom
Yredelemnul
Zin

Shops:
D:1 :

Annotations:
D:2 Sigmund
D:4 1 runed translucent door, Crazy Yiuf
D:5 Eustachio


Innate Abilities, Weirdness & Mutations

You are a venomous arachnid creature.
You have poisonous fangs.
You are tiny and dextrous.
Your spellcasting is less reliable in this form.
Your armour is entirely melded.
You are incapable of wielding weapons or throwing items.
((Your dull iron-grey scales are very hard. (AC +11)))
((You are amphibious.))
You cannot fit into any form of body armour.
((You are cold-blooded and may be slowed by cold attacks.))


Message History

The gnoll hits you from afar with a +2 halberd of draining!
* * * LOW HITPOINT WARNING * * *
You feel drained.
* * * LOW HITPOINT WARNING * * *
There is an open door here.
Things that are here:
a +2 halberd of electrocution; a gnoll skeleton
There is an open door here.
You see here a +0 halberd of electrocution.
There is an open door here.
Okay, then.
You feel yourself speed up. The gnoll closely misses you.
There is a fountain of clear blue water here.
There is an open door here.
The gnoll barely misses you.
There is an open door here.
There is an open door here.
Things that are here:
a +2 halberd of electrocution; a +1 halberd of draining
There is an open door here.
Casting: Beastly Appendage (safe; 1% risk of failure)
Confirm with . or Enter, or press ? or * to list all spells.
You turn into a venomous arachnid creature.
Your scarf of repulsion melds into your body.
The haze of the repulsion field disappears.
The gnoll completely misses you.
You barely miss the gnoll.
The gnoll is severely wounded.
You hit the gnoll.
The gnoll is poisoned.
The gnoll is almost dead.
You kill the gnoll!
The gnoll hits you with a +1 halberd of electrocution!
* * * LOW HITPOINT WARNING * * *
You bite the gnoll!
The gnoll is severely wounded.
You hit the gnoll.
The gnoll is poisoned.
The gnoll is almost dead.
You kill the gnoll!
The orc warrior hits you from afar with a +0 halberd of electrocution!
You die...

#.!.! ###....o###
#!.! ##.....## '##'
+###'##'##'##
#g#.###.###)# ### ###
##### ### #'#
#)###.###.#)###)###)#
##'##'##'###+##'##'##
##.....## ##....o##
###...s.#####...o.###
#.'..∩).')#)'..⌠..')#
###...o.#####.....###
##....)## ##.....##
##'##'##o###g##'##'##
#∩###)###o'.###.###)#
### ### ##### ### ###


You could see an orc warrior and 2 orcs.

Vanquished Creatures
  Duvessa (D:4)
  A black bear (D:7)
  A necrophage (D:2)
  2 ogres
  2 scorpions (D:4)
  Dowan (D:4)
  A wight (D:7)
  A hound (D:4)
  An orc priest (D:7)
  A centaur skeleton (D:7)
  2 iguanas (D:4)
  3 orc wizards
  A killer bee zombie (D:5)
  A howler monkey skeleton (D:4)
  9 gnolls (Bailey)
  8 adders
  A dart slug (D:4)
  19 orcs
  3 ball pythons
  4 bats (D:1)
  5 endoplasms
  A giant cockroach (D:1)
  7 goblins
  6 hobgoblins
  2 jackals (D:2)
  7 quokkas
  3 frilled lizards
  4 kobolds
  2 rats
100 creatures vanquished.

Notes
Turn   | Place    | Note
-------+----------+-------------------------------------------
     0 | D:1      | fragbeetle the Draconian Transmuter began the quest for the
                  | Orb.
     0 | D:1      | Reached XP level 1. HP: 16/16 MP: 3/3
   260 | D:1      | Found Qajaet's Book Shoppe.
   271 | D:1      | Reached XP level 2. HP: 23/23 MP: 3/5
   944 | D:1      | Reached skill level 3 in Transmutations
  1157 | D:2      | Reached XP level 3. HP: 28/28 MP: 4/6
  1263 | D:2      | Noticed a necrophage
  1276 | D:2      | Killed a necrophage
  1277 | D:2      | Reached skill level 4 in Transmutations
  1277 | D:2      | Reached XP level 4. HP: 20/35 MP: 7/7
  1541 | D:2      | Reached XP level 5. HP: 40/40 MP: 6/8
  1885 | D:2      | Noticed Sigmund
  2037 | D:3      | Learned a level 3 spell: Spider Form
  2042 | D:3      | Learned a level 4 spell: Ice Form
  2565 | D:3      | Reached skill level 5 in Transmutations
  2566 | D:3      | Noticed an ogre
  2601 | D:3      | Killed an ogre
  2602 | D:3      | Reached skill level 1 in Poison Magic
  2602 | D:3      | Reached XP level 6. HP: 47/47 MP: 5/9
  3170 | D:4      | Reached skill level 6 in Transmutations
  3436 | D:4      | Found a blossoming altar of Fedhas.
  3506 | D:4      | Reached skill level 1 in Ice Magic
  3531 | D:4      | Found a staircase to the Ecumenical Temple.
  3604 | Temple   | Entered the Ecumenical Temple
  3788 | D:4      | Your scales start taking on a dull iron-grey colour.
  3788 | D:4      | Reached XP level 7. HP: 13/52 MP: 5/10
  4039 | D:4      | Found a shimmering blue altar of Sif Muna.
  4045 | D:4      | Noticed Duvessa
  4046 | D:4      | Noticed Dowan
  4067 | D:4      | Killed Duvessa
  4071 | D:4      | Killed Dowan
  4072 | D:4      | Reached skill level 7 in Transmutations
  4736 | D:4      | Found a runed translucent door.
  4737 | D:4      | Noticed Crazy Yiuf
  4754 | D:5      | Entered Level 5 of the Dungeon
  4937 | D:5      | Noticed Eustachio
  5082 | D:7      | Reached skill level 8 in Transmutations
  5082 | D:7      | Reached XP level 8. HP: 21/58 MP: 11/11
  5234 | D:7      | Found a flagged portal.
  5269 | Bailey   | Entered a bailey
  6076 | Bailey   | Mangled by an orc warrior

Illustrated notes

Levels and vault maps discovered:
D:1:      minmay_arrival_shattered_statue, layout_loops_ring, serial_shops,
          nicolae_shop_waterfront, chequers_serial_rivers_small_b,
          chequers_mini_garden
D:2:      minmay_wonky_spiral, layout_loops_ring, uniq_sigmund
D:3:      layout_loops_ring
D:4:      layout_basic, mainiacjoe_overflow_cross_hatched,
          nicolae_sif_muna_condensation, minmay_temple_entry_gardened_gates,
          wad_orctagon, uniq_crazy_yiuf_cottage, uniq_duvessa
D:5:      layout_rooms, kennysheep_generic_room_5, uniq_eustachio
D:6:      minmay_razor_zed, layout_cave_pools, nicolae_tso_besieged_by_evil,
          serial_rivers, chequers_serial_rivers_room_b,
          chequers_serial_rivers_large_a, chequers_serial_rivers_small_3,
          chequers_serial_rivers_small_b, chequers_serial_rivers_micro_a,
          chequers_serial_rivers_room_a, uniq_blork_the_orc, uniq_edmund
D:7:      layout_loops_ring, enter_bailey_8, kennysheep_generic_room_7
Temple:   lightli_temple_of_artemis
Bailey:   bailey_polearm_nasty_gnolls, bailey

Skill      XL: |  1  2  3  4  5  6  7 |
---------------+----------------------+-----
Transmutations | 3 4 5 6 8 |  8.3
Unarmed Combat | 4 |  4.0
Poison Magic   | 1 2 |  2.1
Ice Magic      | 1 3 |  3.6
Fighting       | |  1.1
Dodging        | |  1.7
Spellcasting   | |  2.0

Action                   |  1- 3 |  4- 6 |  7- 9 || total
-------------------------+-------+-------+-------++-------
Melee: Unarmed           |    72 |   137 |   112 ||   321
       Kick              |     9 |    18 |    14 ||    41
       Headbutt          |     6 |    10 |     7 ||    23
       Tailslap          |     5 |     8 |     4 ||    17
       Punch             |     1 |       |       ||     1
 Cast: Beastly Appendage |    16 |    20 |     7 ||    43
       Spider Form       |       |    10 |    18 ||    28
  Use: Scroll            |       |       |     1 ||     1
       Potion            |       |       |     1 ||     1
 Stab: Sleeping          |       |       |     3 ||     3
Armor: Skin              |    26 |    28 |    18 ||    72
Dodge: Dodged            |    51 |    73 |    93 ||   217
